 Dungeon Crawl Stone Soup version 0.32-a0-629-g87aaac5c70 (webtiles) character file.

Game seed: 8360652173490112526

6636 Amplified the Fighter (level 10, -13/90 HPs)
             Began as a Demonspawn Wanderer on Feb 28, 2024.
             Was an Elder of Makhleb.
             Mangled by an ogre
             ... wielding a +0 giant spiked club
             ... led by Lodul
              (32 damage)
             ... on level 10 of the Dungeon on Mar 6, 2024.
             The game lasted 00:11:08 (7821 turns).

Amplified the Fighter (Demonspawn Wanderer)         Turns: 7821, Time: 00:11:09

Health: -13/90     AC: 14    Str: 18    XL:     10   Next: 72%
Magic:  16/16      EV: 11    Int: 13    God:    Makhleb [****..]
Gold:   178        SH:  0    Dex: 11    Spells: 9/13 levels left

rFire   . . .        n - +9 war axe of Xeiloul {freeze, rN+}
rCold   . . .        (no shield)
rNeg    + . .        v - +1 robe {Will+}
rPois   .            r - +2 helmet
rElec   .            i - +0 cloak
rCorr   .            g - +0 pair of gloves
SInv    +            (no boots)
Will    +....        l - amulet of faith
Stlth   ++           f - ring of see invisible
HPRegen 0.35/turn    j - +4 ring of protection
MPRegen 0.15/turn

%: faith
@: mighty
A: claws 2, rugged brown scales 2
a: Renounce Religion, Minor Destruction, Lesser Servant of Makhleb, Major
Destruction


You were on level 10 of the Dungeon.
You worshipped Makhleb.
Makhleb was greatly pleased with you.
You visited 2 branches of the dungeon, and saw 11 of its levels.

You collected 484 gold pieces.
You spent 306 gold pieces at shops.

Inventory:

Hand Weapons
 a - a +2 spear
 n - the +9 war axe of Xeiloul (weapon) {freeze, rN+}
   (You found it on level 4 of the Dungeon)

   rN+:       It protects you from negative energy.
Armour
 g - a +0 pair of gloves (worn)
 i - a +0 cloak (worn)
 r - a +2 helmet (worn)
 v - a +1 robe of willpower (worn)
 y - the +0 ring mail of the Sea {rF+ Will+ Str-2 Stlth+}
   (You bought it in a shop on level 9 of the Dungeon)

   Str-2:     It affects your strength (-2).
   rF+:       It protects you from fire.
   Will+:     It increases your willpower.
   Stlth+:    It makes you more stealthy.
Jewellery
 d - a +5 ring of evasion
 f - a ring of see invisible (left hand)
 j - a +4 ring of protection (right hand)
 k - an amulet of the acrobat
 l - an amulet of faith (around neck)
 s - a ring of protection from cold
 x - a +6 ring of dexterity
Wands
 z - a wand of flame (15)
 C - a wand of polymorph (4)
Scrolls
 b - a scroll of poison
 e - 5 scrolls of teleportation
 o - 6 scrolls of amnesia
 p - 2 scrolls of noise
 q - a scroll of revelation
 A - a scroll of enchant weapon
Potions
 c - 3 potions of curing
 h - 2 potions of mutation
 m - 2 potions of enlightenment
 u - 3 potions of degeneration {unknown}
 w - a potion of attraction {unknown}
 B - a potion of heal wounds


   Skills:
 * Level 10.4 Fighting
 * Level 9.0(9.4) Axes
 - Level 4.0(7.0) Polearms
 - Level 1.9 Armour
 - Level 2.6 Stealth
 - Level 2.0 Spellcasting
 - Level 1.0 Earth Magic
 + Level 9.0 Invocations


You had 9 spell levels left.
You knew the following spells:

 Your Spells              Type           Power      Damage    Failure   Level
a - Sandblast             Erth           6%         2d5       17%         1
b - Tukima's Dance        Hex            1%         N/A       58%         3

Your spell library contained the following spells:

 Spells                   Type           Power      Damage    Failure   Level
 Blink                    Tloc           2%         N/A       36%         2
 Lesser Beckoning         Tloc           2%         N/A       36%         2
 Momentum Strike          Conj/Tloc      2%         3d8       36%         2
 Stone Arrow              Conj/Erth      4%         3d7       52%         3
 Gell's Gravitas          Tloc           1%         N/A       58%         3
 Teleport Other           Tloc           1%         N/A       58%         3
 Passage of Golubria      Tloc           1%         N/A       94%         4
 Yara's Violent Unravell  Hex/Alch       0%         3d3       100%        5


Dungeon Overview and Level Annotations

Branches:
Dungeon (10/15)            Temple (1/1) D:4            Lair (0/5) D:10
    Orc: D:9-12

Altars:
Ashenzari
Cheibriados
Dithmenos
Fedhas
Gozag
Hepliaklqana
Kikubaaqudgha
Makhleb
Nemelex Xobeh
Okawaru
Qazlal
Ru
Trog
Uskayaw
Vehumet
Wu Jian
Xom

Shops:
D:7 :   D:8 *   D:9 [

Annotations:
D:1 1 transporter
D:3 4 runed translucent doors, Crazy Yiuf; Wizop's ghost, amateur AtFi
D:10 Lodul


Innate Abilities, Weirdness & Mutations

You have very sharp fingernails.
You are mostly covered in rugged brown scales. (AC +2, +5% HP)


Message History

Lodul and 5 ogres come into view.
Lodul is wielding a +0 dire flail of protection and carrying a wand of mindburst.
Lodul shouts!
The ogre shouts! x3
The boulder beetle leaps!
The ogre moves out of view.
The ogre shouts!
You hear a shout! x2
Items here: )) [[ †.
Items here: ( ))))) [[[ †††.
The ogre shouts!
Okay, then.
You feel very mighty all of a sudden.
You slash the ogre! You freeze the ogre.
The ogre is heavily wounded.
Lodul shouts, "Intruder!"
The ogre misses you.
You slash the ogre! You freeze the ogre.
The ogre is almost dead.
You slash the ogre! You freeze the ogre.
The ogre hits you with a +0 giant club!
You barely miss the ogre.
The ogre is almost dead.
You completely miss the ogre.
The ogre hits you with a +0 giant spiked club!!
The ogre hits you with a +0 giant club!
You are too injured to fight recklessly!
Unknown command.
You slash the ogre! You freeze the ogre.
You kill the ogre!
Makhleb accepts your kill.
Lodul winks and says, "Everything have price."
Unknown command.
You slash the ogre! You freeze the ogre.
The ogre is almost dead.
You hear a shout!
Unknown command.
The ogre hits you with a +0 giant club!
* * * LOW HITPOINT WARNING * * *
The ogre attacks as it pursues you!
The ogre hits you with a +0 giant spiked club!!
You die...

#..................#.
#..............O...OO
####..######.≈._.§...OOO
#.....#....'.........#
#.....#....#...OO#..
#.....#....#.#..O# .
#.....#....#.#...#
#.....#....#.#...#
####.....#...@#.#..[#####.
#........#..OO#.#[.[......#
#...>....#...)#.#[)).......
#####....####OO..O........#
#.....##............###
#.(....##.........#.#
#.......##.#......###
#.......<###.....##
#.........##.....#


You could see Lodul and 3 ogres.

Vanquished Creatures
  A manticore (D:10)
  Jeremiah (D:9)
  A troll (D:9)
  Prince Ribbit (D:7)
  Grinder (D:6)
  2 wyverns
  Sigmund (D:3)
  11 yaks
  2 steam dragons (D:8)
  Menkaure (D:6)
  3 acid dragons
  2 water moccasins
  A sky beast (D:6)
  An orc warrior (D:10)
  An ice beast (D:8)
  A centaur (D:9)
  2 ogres
  A kobold brigand (D:9)
  2 bullfrogs (D:7)
  Blork the orc (D:6)
  2 scorpions (D:5)
  4 wights (D:6)
  A killer bee (D:10)
  3 howler monkeys
  3 hounds
  2 bombardier beetles
  3 jellies
  7 orc priests
  A gnoll bouda (D:7)
  6 iguanas
  A sleepcap (D:5)
  Natasha (twice) (D:3)
  10 orc wizards
  9 gnolls
  9 adders
  A shadow imp (D:6)
  A white imp (D:7)
  A ribbon worm (D:2)
  45 orcs
  3 ball pythons
  5 bats
  6 endoplasms
  2 giant cockroaches
  9 goblins
  4 hobgoblins
  2 jackals (D:3)
  A quokka (D:3)
  3 frilled lizards
  8 kobolds
  A spectral goblin (D:1)
192 creatures vanquished.

Notes
Turn   | Place    | Note
-------+----------+-------------------------------------------
     0 | D:1      | Amplified the Demonspawn Wanderer began the quest for the
                  | Orb.
     0 | D:1      | Amplified set off with the following items: a +2 spear, a
                  | +0 helmet, a potion of heal wounds, a +0 leather armour;
                  | and the following spell memorised: Sandblast; and the
                  | following spells available to memorise: Stone Arrow.
     0 | D:1      | Reached XP level 1. HP: 15/15 MP: 3/3
     0 | D:1      | Upgraded the game from 0.32-a0-534-ga61f84b8bd to
                  | 0.32-a0-613-g40f424ee2b
   148 | D:1      | Found a faded altar of an unknown god.
   181 | D:1      | Gained mutation: You have sharp fingernails. [demonic
                  | ancestry]
   181 | D:1      | Reached XP level 2. HP: 21/21 MP: 5/5
   280 | D:1      | You fall into a shaft and drop 1 floor!
   414 | D:2      | Upgraded the game from 0.32-a0-613-g40f424ee2b to
                  | 0.32-a0-629-g87aaac5c70
   493 | D:2      | Reached skill level 2 in Fighting
   493 | D:2      | Gained mutation: You are partially covered in rugged brown
                  | scales. (AC +1, +3% HP) [demonic ancestry]
   493 | D:2      | Reached XP level 3. HP: 20/27 MP: 6/6
   609 | D:2      | Reached skill level 1 in Armour
  1031 | D:2      | Reached XP level 4. HP: 35/35 MP: 7/7
  1089 | D:3      | Noticed Natasha
  1337 | D:4      | Reached skill level 3 in Fighting
  1556 | D:4      | Learned a level 3 spell: Tukima's Dance
  1808 | D:4      | Found a staircase to the Ecumenical Temple.
  1831 | Temple   | Entered the Ecumenical Temple
  1850 | Temple   | Became a worshipper of Makhleb the Destroyer
  1957 | D:3      | Killed Natasha
  1958 | D:3      | Gained mutation: You have very sharp fingernails. [demonic
                  | ancestry]
  1958 | D:3      | Reached XP level 5. HP: 42/42 MP: 5/8
  2014 | D:3      | Found a runed translucent door.
  2015 | D:3      | Noticed Crazy Yiuf
  2086 | D:3      | Noticed Natasha
  2111 | D:3      | Found a runed translucent gate.
  2111 | D:3      | Found a runed translucent gate.
  2245 | D:3      | Noticed Sigmund
  2266 | D:4      | Identified the +9 war axe of Xeiloul {freeze, rN+}
  2398 | D:4      | Reached skill level 1 in Invocations
  2404 | D:4      | Reached skill level 1 in Axes
  2623 | D:5      | Entered Level 5 of the Dungeon
  2700 | D:5      | Reached XP level 6. HP: 40/49 MP: 9/9
  2753 | D:5      | Reached skill level 4 in Fighting
  3064 | D:5      | Reached * piety under Makhleb
  3171 | D:5      | Reached XP level 7. HP: 56/56 MP: 10/10
  3529 | D:6      | Reached skill level 5 in Fighting
  3850 | D:6      | Reached ** piety under Makhleb
  3995 | D:6      | Reached XP level 8. HP: 65/65 MP: 11/11
  4002 | D:6      | Reached skill level 6 in Fighting
  4220 | D:6      | Noticed Blork the orc
  4237 | D:6      | Killed Blork the orc
  4300 | D:6      | Noticed Grinder
  4306 | D:6      | Paralysed by Grinder for 2 turns
  4308 | D:6      | Killed Grinder
  4309 | D:6      | Reached skill level 5 in Axes
  4309 | D:6      | Reached skill level 5 in Invocations
  4348 | D:6      | Noticed Menkaure
  4354 | D:6      | Killed Menkaure
  4669 | D:6      | Reached skill level 7 in Fighting
  4922 | D:3      | Killed Natasha
  4926 | D:3      | Killed Sigmund
  4996 | D:3      | Found a runed translucent gate.
  4997 | D:3      | Noticed Wizop's ghost (amateur AtFi)
  5200 | D:7      | Found an opulent altar of Gozag.
  5330 | D:7      | Gained mutation: You are mostly covered in rugged brown
                  | scales. (AC +2, +5% HP) [demonic ancestry]
  5330 | D:7      | Reached XP level 9. HP: 37/75 MP: 13/13
  5663 | D:7      | Noticed Prince Ribbit
  5673 | D:7      | Killed Prince Ribbit
  5673 | D:7      | Reached *** piety under Makhleb
  5785 | D:7      | Reached skill level 8 in Fighting
  5840 | D:7      | Found Veeb's Book Shop.
  6394 | D:8      | Found Irhus's General Store.
  6899 | D:9      | Noticed Jeremiah
  6912 | D:9      | Reached skill level 9 in Fighting
  6921 | D:9      | Found Udugust's Antique Armour Boutique.
  6923 | D:9      | Killed Jeremiah
  6930 | D:9      | Noticed a troll
  6939 | D:9      | Killed a troll
  6940 | D:9      | Reached XP level 10. HP: 54/87 MP: 15/15
  6942 | D:9      | Bought a faintly humming ring mail for 306 gold pieces
  6942 | D:9      | Identified the +0 ring mail of the Sea {rF+ Will+ Str-2
                  | Stlth+} (You bought it in a shop on level 9 of the Dungeon)
  7094 | D:9      | Reached **** piety under Makhleb
  7662 | D:10     | Entered Level 10 of the Dungeon
  7664 | D:10     | Found a staircase to the Lair.
  7684 | D:10     | Found a bloodstained altar of Trog.
  7704 | D:10     | Reached skill level 10 in Fighting
  7734 | D:10     | Noticed a manticore
  7743 | D:10     | Killed a manticore
  7795 | D:10     | Noticed a boulder beetle
  7797 | D:10     | Noticed Lodul
  7821 | D:10     | Mangled by an ogre

Illustrated notes

Levels and vault maps discovered:
D:1:      spicycebolla_arrival_risky_transporter, layout_basic,
          dreamdust_ecumenical_altar_drowned_temple, st_stairs_13,
          serial_bayou_pond_e
D:2:      layout_basic
D:3:      layout_rooms, gammafunk_ghost_necromancy, minivault_23,
          nicolae_concentric_dashed_squares_wild, uniq_natasha, uniq_sigmund,
          uniq_crazy_yiuf_cottage
D:4:      layout_loops_corners, minmay_temple_entry_large_hall
D:5:      layout_cave_pods, kennysheep_generic_room_7
D:6:      layout_loops_corners, chequers_serial_rivers_micro_a, uniq_menkaure,
          uniq_blork_the_orc, uniq_grinder
D:7:      layout_basic, lemuel_crystal_altar, serial_shops, shop,
          amethyst_killhole, uniq_prince_ribbit1
D:8:      layout_gridville, serial_shops, shop
D:9:      layout_roguey, serial_shops, nicolae_shop_getting_attention,
          uniq_jeremiah
D:10:     cheibrodos_fzero, layout_irregular_city,
          grunt_temple_overflow_diamond, mainiacjoe_overflow_tiny_flanked,
          dk_yredelemnul_ordeal, hiddenorc1_lemuel, corner_web_ring, uniq_lodul
Temple:   nicolae_temple_elliptical

Skill      XL: |  1  2  3  4  5  6  7  8  9 10 |
---------------+-------------------------------+-----
Polearms       | 3 4 |  4.0
Fighting       | 2 3 4 5 7 9 10 | 10.4
Armour         | 1 |  1.9
Invocations    | 1 2 4 6 7 9 |  9.0
Axes           | 1 2 4 5 7 9 |  9.0
Stealth        | |  2.6
Spellcasting   | |  2.0
Earth Magic    | |  1.0

Action                     |  1- 3 |  4- 6 |  7- 9 | 10-12 || total
---------------------------+-------+-------+-------+-------++-------
  Melee: Spear             |   135 |   100 |       |       ||   235
         War axe           |       |    38 |   195 |    70 ||   303
   Cast: Sandblast         |     1 |     3 |       |       ||     4
  Evoke: Wand              |       |       |     8 |     1 ||     9
    Use: Scroll            |     2 |     6 |    10 |       ||    18
         Potion            |       |     2 |     2 |     1 ||     5
   Stab: Sleeping          |     5 |     6 |     4 |       ||    15
         Distracted        |     1 |       |       |       ||     1
 Armour: Leather armour    |    42 |   100 |    47 |       ||   189
         Robe              |       |       |    80 |    68 ||   148
  Dodge: Dodged            |    57 |    72 |   112 |    47 ||   288

Table legend: (Time is in decaauts)
 A = Elapsed time spent in this place.
 B = Non-inter-level travel time spent in this place.
 C = Inter-level travel time spent in this place.
 D = Time resting spent in this place.
 E = Time spent auto-exploring this place.
 F = Levels seen in this place.
 G = Mean time per level.
                   A        B        C        D        E       F      G
               +--------+--------+--------+--------+--------+-----+--------+
         Total |   7899 |   7544 |    355 |   1243 |   4832 |  11 |  718.1 |
       Dungeon |   7861 |   7541 |    320 |   1243 |   4832 |  10 |  786.1 |
        Temple |     37 |      2 |     35 |      0 |      0 |   1 |   37.0 |
               +--------+--------+--------+--------+--------+-----+--------+

Top non-repeatable levels by time:
     D:6: 1473 daAuts
     D:4: 1003 daAuts
     D:7: 961 daAuts
     D:9: 886 daAuts
     D:5: 825 daAuts
     D:3: 816 daAuts
     D:2: 802 daAuts
     D:8: 647 daAuts
     D:1: 286 daAuts
    D:10: 160 daAuts
  Temple: 37 daAuts
